 Dungeon Crawl Stone Soup version 0.25.1-8-g42b30a86e7 (webtiles) character file.

Game seed: 14156120091617643962

83 radhat240 the Skirmisher (level 4, -1/40 HPs)
             Began as a Draconian Fighter on Dec 10, 2020.
             Killed by divine providence
             ... invoked by an orc priest
              (11 damage)
             ... on level 3 of the Dungeon.
             The game lasted 00:07:48 (1238 turns).

radhat240 the Skirmisher (Draconian Fighter)        Turns: 1238, Time: 00:07:48

Health: -1/40      AC:  5    Str: 22    XL:     4   Next: 22%
Magic:  4/4        EV: 10    Int:  8    God:
Gold:   38         SH: 10    Dex: 10    Spells: 3/3 levels left

rFire    x . .     SeeInvis .   a - +0 war axe
rCold    + . .     Gourm    .   b - +1 kite shield
rNeg     . . .     Faith    .   (armour unavailable)
rPois    .         Spirit   .   (helmet restricted)
rElec    .         Reflect  .   (no cloak)
rCorr    .         Harm     .   (no gloves)
MR       .....     Rnd*Rage +   (no boots) Stlth +.........Rnd*Tele +
                                (no amulet)
HPRegen  0.13/turn              e - ring of teleportation (curse)
MPRegen  0.09/turn              i - ring of ice

@: berserk cooldown, slowed, very slow
A: unfitting armour, berserk 1, strong 1, cold-blooded, AC +5
a: no special abilities


You were on level 3 of the Dungeon.
You were not hungry.

You visited 1 branch of the dungeon, and saw 3 of its levels.

You collected 38 gold pieces.

Inventory:

Hand Weapons
 a - a +0 war axe (weapon)
Armour
 b - a +1 kite shield (worn)
Jewellery
 e - a cursed ring of teleportation (left hand)
 h - an uncursed ring of fire
 i - a ring of ice (right hand)
Scrolls
 g - a scroll of identify
Potions
 c - 2 potions of might
Comestibles
 d - 2 rations
 f - 5 chunks of flesh


   Skills:
 + Level 3.8 Fighting
 + Level 3.2 Axes
 + Level 3.1 Dodging
 + Level 0.2 Stealth
 + Level 3.5 Shields


You had 3 spell levels left.
You didn't know any spells.
Your spell library was empty.

Dungeon Overview and Level Annotations

Branches:
Dungeon (3/15)

Altars:

Annotations:
D:2 Natasha, Robin


Innate Abilities, Weirdness & Mutations

Your plain brown scales are hard. (AC +5)
You cannot fit into any form of body armour.
You are cold-blooded and may be slowed by cold attacks.
You tend to lose your temper in combat.
Your muscles are strong. (Str +2)


Message History

You hit the goblin.
You kill the goblin!
An orc comes into view. It is wielding a +0 short sword.
The orc wizard gestures wildly while chanting.
The orc wizard flickers and vanishes!
Deactivating autopickup; reactivate with Ctrl-A.
The hobgoblin hits you but does no damage.
You closely miss the hobgoblin.
The hobgoblin is heavily wounded.
You block the hobgoblin's attack. x2
You closely miss the hobgoblin.
The hobgoblin is heavily wounded.
You block the hobgoblin's attack. The hobgoblin hits you with a +0 club.
* * * LOW HITPOINT WARNING * * *
You hit the hobgoblin.
You kill the hobgoblin!
The orc hits you but does no damage. x2
The orc priest calls down the wrath of Beogh upon you.
Beogh smites you!
You die...

# #####.#..#
###+#.#<@oo....#
#.....))###.####
#.......#
#......##
+...... #......
....... .......
....###


You could see an orc priest and an orc.

Vanquished Creatures
  Natasha (D:2)
  3 dart slugs
  3 leopard geckos
  7 bats (D:1)
  2 giant cockroaches (D:1)
  8 goblins
  7 hobgoblins
  5 kobolds
  2 ball pythons (D:1)
  2 frilled lizards (D:1)
  4 rats
44 creatures vanquished.

Notes
Turn   | Place    | Note
-------+----------+-------------------------------------------
     0 | D:1      | radhat240 the Draconian Fighter began the quest for the
                  | Orb.
     0 | D:1      | Reached XP level 1. HP: 19/19 MP: 1/1
    84 | D:1      | Reached XP level 2. HP: 26/26 MP: 2/2
   333 | D:1      | Gained mutation: You tend to lose your temper in combat.
                  | [potion of mutation]
   333 | D:1      | Gained mutation: Your muscles are strong. (Str +2) [potion
                  | of mutation]
   591 | D:1      | Reached XP level 3. HP: 26/33 MP: 3/3
  1130 | D:2      | Noticed Natasha
  1137 | D:2      | Killed Natasha
  1139 | D:2      | Reached XP level 4. HP: 21/40 MP: 4/4
  1203 | D:2      | Noticed Natasha
  1205 | D:2      | Noticed Robin
  1238 | D:3      | Killed from afar by an orc priest

Illustrated notes

Levels and vault maps discovered:
D:1:      dpeg_arrival_round_c, layout_loops_corners
D:2:      layout_rooms, kennysheep_decorative_pillar, minmay_misc_feat_room,
          uniq_natasha, uniq_robin
D:3:      layout_basic

Skill      XL: |  1  2  3 |
---------------+----------+-----
Dodging        | 3 |  3.1
Axes           | 3 |  3.2
Fighting       | |  3.8
Stealth        | |  0.2
Shields        | |  3.5

Action                   |  1- 3 |  4- 6 || total
-------------------------+-------+-------++-------
Melee: War axe           |    89 |    14 ||   103
       Tailslap          |     9 |     1 ||    10
  Use: Potion            |     3 |       ||     3
       Scroll            |     3 |       ||     3
 Stab: Sleeping          |     1 |       ||     1
  Eat: Ration            |     1 |       ||     1
Armor: Skin              |    27 |    15 ||    42
Dodge: Dodged            |    39 |    16 ||    55
Block: Kite shield       |    50 |    31 ||    81
